 Dungeon Crawl Stone Soup version 0.24.0-13-gcf9b319 (webtiles) character file.

Game seed: 17920834036947970642, levelgen mode: deterministic

157630 DarkinPup the Tortoise (level 17, -1/156 HPs)
             Began as a Minotaur Fighter on Nov 30, 2019.
             Was the Champion of Okawaru.
             Slain by a deep elf blademaster
             ... wielding a +0 rapier
              (2 damage)
             ... on level 3 of the Elven Halls.
             The game lasted 01:12:32 (22681 turns).

DarkinPup the Tortoise (Minotaur Fighter)          Turns: 22681, Time: 01:12:33

Health: -1/156     AC: 14    Str: 35    XL:     17   Next: 12%
Magic:  23/23      EV: 21    Int:  8    God:    Okawaru [******]
Gold:   2508       SH: 13    Dex: 17    Spells: 16/16 levels left

rFire    . . .     SeeInvis .   c - +5 hand axe (vamp)
rCold    + . .     Gourm    .   G - +1 buckler of Tender Moments {*Drain rPois Str+3 Dex+4}
rNeg     + . .     Faith    .   r - +3 ring mail of the Distant Future {rN+ Str+4}
rPois    +         Spirit   .   (helmet restricted)
rElec    .         Reflect  +   Z - scarf {cloud immunity}
rCorr    .         Harm     .   t - +2 pair of gloves {Str+3}
MR       +++..                  K - +0 pair of boots {run}
Stlth    +.........             I - +4 amulet of reflection
HPRegen  0.36/turn              X - ring "Muxkos" {rPois rC+ Slay+3}
MPRegen  0.18/turn              N - ring of the Mage {Wiz MR++ Int+3}

@: corroded, very slightly contaminated, quick
A: retaliatory headbutt, horns 2, icy blue scales 1, wild magic 1
a: Heroism, Finesse, Renounce Religion


You were on level 3 of the Elven Halls.
You worshipped Okawaru.
Okawaru was exalted by your worship.
You were hungry.

You visited 5 branches of the dungeon, and saw 23 of its levels.

You collected 2508 gold pieces.

Inventory:

Hand Weapons
 c - a +5 vampiric hand axe (weapon)
 i - the +1 broad axe of Okawaru's Pride {drain, rF+ Int+2 Dex+4}
   (Okawaru gifted it to you on level 6 of the Lair of Beasts)

   A truly terrible weapon, it drains the life of those it strikes.
   It affects your intelligence (+2).
   It affects your dexterity (+4).
   It protects you from fire.
 m - the +3 executioner's axe of Okawaru's Whim {pain, -Tele +Rage rElec Int+3}
   (Okawaru gifted it to you on level 2 of the Orcish Mines)

   In the hands of one skilled in necromantic magic, it inflicts extra damage on
   living creatures.
   It affects your intelligence (+3).
   It insulates you from electricity.
   It lets you go berserk.
   It prevents most forms of teleportation.
 S - the +5 broad axe "Astef" {speed, rF++ rC- MR+ Stlth+}
   (Okawaru gifted it to you on level 1 of the Elven Halls)

   Attacks with this weapon are significantly faster.
   It greatly protects you from fire.
   It makes you vulnerable to cold.
   It affects your resistance to hostile enchantments.
   It makes you more stealthy.
Armour
 r - the +3 ring mail of the Distant Future (worn) {rN+ Str+4}
   (You found it on level 6 of the Dungeon)

   It affects your strength (+4).
   It protects you from negative energy.
 t - a +2 pair of gloves of strength (worn)
 G - the +1 buckler of Tender Moments (worn) {*Drain rPois Str+3 Dex+4}
   (You found it on level 3 of the Elven Halls)

   It affects your strength (+3).
   It affects your dexterity (+4).
   It protects you from poison.
   It causes draining when unequipped.
 K - a +0 pair of boots of running (worn)
 V - a +0 plate armour of cold resistance
 Z - a scarf of cloud immunity (worn)
Jewellery
 n - an uncursed ring of fire
 w - an uncursed ring of protection from cold
 y - an uncursed ring of positive energy
 D - the ring "Yheen" {EV+3 SInv}
   (You took it off an ogre mage on level 10 of the Dungeon)

   [ring of evasion]

   It affects your evasion (+3).
   It lets you see invisible.
 I - a +4 amulet of reflection (around neck)
 M - an uncursed ring of protection from magic
 N - the ring of the Mage (right hand) {Wiz MR++ Int+3}
   (You found it on level 10 of the Dungeon)

   [ring of wizardry]

   It improves your spell success rate.
   It affects your intelligence (+3).
   It affects your resistance to hostile enchantments.
 U - an uncursed amulet of magic regeneration {unknown}
 X - the ring "Muxkos" (left hand) {rPois rC+ Slay+3}
   (You found it on level 10 of the Dungeon)

   [ring of poison resistance]

   It affects your accuracy and damage with ranged weapons and melee attacks
   (+3).
   It protects you from cold.
   It protects you from poison.
Wands
 a - a wand of enslavement (6)
 H - a wand of flame (16)
 O - a wand of disintegration (23)
 Y - a wand of polymorph (18)
Scrolls
 e - 5 scrolls of teleportation
 o - 6 scrolls of magic mapping
 q - 6 scrolls of remove curse
 v - a scroll of fog {unknown}
 x - 3 scrolls of immolation
 B - a scroll of amnesia
 E - a scroll of silence
 L - a scroll of brand weapon
 Q - 3 scrolls of fear
 R - 2 scrolls of acquirement {unknown}
 W - a scroll of blinking
Potions
 b - a potion of mutation
 d - 5 potions of agility
 h - 3 potions of brilliance {unknown}
 j - a potion of cancellation
 k - 2 potions of berserk rage
 p - a potion of invisibility
 s - 10 potions of curing
 u - 4 potions of flight
 z - 5 potions of lignification
 A - a potion of ambrosia
 C - 4 potions of magic {unknown}
 J - 4 potions of haste {unknown}
Miscellaneous
 g - a sack of spiders
 l - a lightning rod (4/4)
 T - a lamp of fire
Comestibles
 f - 43 rations
 F - a chunk of flesh


   Skills:
 + Level 15.4 Fighting
 + Level 15.4 Axes
 + Level 15.5 Armour
 + Level 13.0 Dodging
 + Level 15.4 Shields
 - Level 10.3 Invocations
 - Level 8.0 Evocations


You had 16 spell levels left.
You didn't know any spells.
Your spell library contained the following spells:

 Spells                   Type           Power        Failure   Level  Hunger
 Animate Skeleton         Necr           N/A          26%         1    ##.....
 Apportation              Tloc           #.....       26%         1    ##.....
 Beastly Appendage        Tmut           #.....       26%         1    ##.....
 Confusing Touch          Hex            #.....       26%         1    ##.....
 Freeze                   Ice            #...         26%         1    ##.....
 Shock                    Conj/Air       #...         26%         1    ##.....
 Sting                    Conj/Pois      #...         26%         1    ##.....
 Summon Small Mammal      Summ           #...         26%         1    ##.....
 Poisonous Vapours        Pois/Air       #.....       38%         2    ###....
 Sticks to Snakes         Tmut           #.......     38%         2    ###....
 Swiftness                Chrm/Air       #.......     38%         2    ###....
 Throw Frost              Conj/Ice       #.....       38%         2    ###....
 Conjure Flame            Conj/Fire      #.......     58%         3    ####...
 Mephitic Cloud           Conj/Pois/Air  #.......     58%         3    ####...
 Ozocubu's Armour         Chrm/Ice       #.......     58%         3    ####...
 Spider Form              Tmut/Pois      #.........   58%         3    ####...
 Static Discharge         Conj/Air       #.......     58%         3    ####...
 Airstrike                Air            #.........   91%         4    #####..
 Cause Fear               Hex            #.........   91%         4    #####..
 Ice Form                 Ice/Tmut       #.......     91%         4    #####..
 Olgreb's Toxic Radiance  Pois           #.......     91%         4    #####..
 Sticky Flame             Conj/Fire      #.......     91%         4    #####..
 Summon Ice Beast         Ice/Summ       #.......     91%         4    #####..
 Throw Icicle             Conj/Ice       #.......     91%         4    #####..
 Blade Hands              Tmut           #.........   99%         5    ######.
 Fireball                 Conj/Fire      #.........   99%         5    ######.
 Lightning Bolt           Conj/Air       #.........   99%         5    ######.
 Silence                  Hex/Air        #.........   99%         5    ######.
 Venom Bolt               Conj/Pois      #.........   99%         5    ######.
 Yara's Violent Unravell  Hex/Tmut       #.........   99%         5    ######.
 Deflect Missiles         Chrm/Air       #.........   100%        6    #######
 Freezing Cloud           Conj/Ice/Air   #.........   100%        6    #######
 Ring of Flames           Chrm/Fire      #.........   100%        7    #######
 Discord                  Hex            #.........   100%        8    #######


Dungeon Overview and Level Annotations

Branches:
Dungeon (11/15)            Temple (1/1) D:4            Lair (6/6) D:10
 Shoals (0/4) Lair:3        Snake (0/4) Lair:2        Slime (0/5) Lair:5
    Orc (2/2) D:11            Elf (3/3) Orc:2

Altars:
Ashenzari
Dithmenos
Fedhas
Gozag
Nemelex Xobeh
Okawaru
Qazlal
Sif Muna
Trog
Uskayaw
Vehumet
Wu Jian
Xom
Yredelemnul
Zin

Shops:
Orc:2 (*[=


Innate Abilities, Weirdness & Mutations

You reflexively headbutt those who attack you in melee.
You have a pair of horns on your head.
You are partially covered in icy blue scales. (AC +2)
Your spells are a little harder to cast, but a little more powerful.


Message History

A deep elf high priest comes into view. It is wielding a +0 short sword.
The deep elf high priest shouts!
A deep elf sorcerer comes into view. It is wielding a -1 long sword.
The deep elf sorcerer shouts!
A deep elf annihilator comes into view. It is wielding a +0 dagger.
The deep elf annihilator shouts!
A deep elf master archer comes into view.
The deep elf master archer shouts!
A deep elf blademaster comes into view. It is wielding two +0 rapiers.
The deep elf high priest utters a dark prayer and points at you.
Your life force is offered up.
* * * LOW HITPOINT WARNING * * *
The deep elf master archer wields a +0 longbow.
The deep elf master archer shoots an arrow.
You reflect the arrow off an invisible shield around you!
The arrow hits the deep elf master archer!!!
The deep elf annihilator mumbles some strange words.
The deep elf annihilator blinks!
The deep elf blademaster hits you with a +0 rapier.
You die...

##+## ###...###
###.......##
##.........e#
............#
.......e....#
.......@...#
........e.##
..../.....#
..^#...............#
....................
........
...........ยง
.eE43..
.......e!...#


Y42YY ##........e.# eee You could see a deep elf blademaster, a deep elf master
archer, a deep elf annihilator, a deep elf sorcerer and a deep elf high priest.

Vanquished Creatures
  The ghost of meepyknight the Hoplite, a veteran GrFi of the Shining One (Elf:3)
  Nikola (Elf:1)
  2 deep elf blademasters
  A deep elf master archer (Elf:3)
  Gastronok (Lair:1)
  5 deep elf sorcerers
  A deep elf elementalist (Elf:3)
  A stone giant (Orc:2)
  2 deep elf annihilators
  A dire elephant (Lair:4)
  3 ettins (Orc:2)
  2 deep elf death magi
  A deep elf high priest (Elf:1)
  The ghost of Ekaitz the Grappler, a journeyman TrMo of Trog (Lair:2)
  6 hydras
  An ogre mage (D:10)
  Harold (D:8)
  A catoblepas (Lair:6)
  A centaur warrior (D:10)
  Erica (D:8)
  5 death yaks (Lair:6)
  22 dancing weapons
  4 two-headed ogres
  Sonja (Lair:5)
  16 deep elf knights
  A small abomination (Elf:3)
  10 deep elf archers
  An unseen horror (D:10)
  An orc knight (Orc:2)
  An orc sorcerer (Orc:1)
  7 cyclopes (Orc:2)
  55 deep elf magi
  2 ugly things
  A manticore (D:11)
  2 wolf spiders
  21 elephants
  A guardian serpent (Lair:6)
  12 black mambas
  A centaur zombie (D:10)
  Psyche (D:10)
  14 spiny frogs
  9 komodo dragons
  6 gargoyles (D:11)
  6 rime drakes
  2 tengu conjurers (D:11)
  4 trolls
  Grinder (D:3)
  14 polar bears
  2 hornets (Lair:6)
  2 raiju (Lair:6)
  10 dream sheep
  12 blink frogs
  10 hippogriffs
  3 redbacks (Lair:6)
  3 spriggans
  Sigmund (D:3)
  An air elemental (Elf:1)
  A wraith (D:11)
  45 yaks
  13 wyverns
  3 basilisks
  A human (D:9)
  A hungry ghost (D:7)
  7 wargs
  3 nagas (Lair:2)
  17 water moccasins
  15 porcupines
  13 hell hounds (Lair:6)
  3 ice beasts
  6 orc warriors
  2 sky beasts (D:11)
  15 black bears
  3 phantoms
  6 ogres
  A necrophage (D:9)
  7 centaurs
  13 wolves (Lair:6)
  10 crocodiles
  A crocodile (shapeshifter) (D:10)
  2 big kobolds (D:10)
  Blork the orc (D:6)
  23 bullfrogs
  3 earth elementals (Elf:2)
  A scorpion (D:5)
  A howler monkey (D:6)
  A wight (D:10)
  An electric eel (Elf:2)
  4 crimson imps
  A bullfrog zombie (D:5)
  A quasit (D:9)
  6 hounds
  11 orc priests
  2 bullfrog skeletons (D:10)
  2 centaur skeletons
  6 jellies
  16 orc wizards
  2 iguanas
  5 worker ants
  A statue (D:9)
  2 worker ant zombies
  10 gnolls
  18 adders
  An ooze (D:2)
  A worm (D:5)
  3 dart slugs
  6 leopard geckos
  60 orcs
  A ball python (D:5)
  6 giant cockroaches
  6 goblins
  9 hobgoblins
  11 jackals
  4 quokkas
  4 bats
  7 frilled lizards
  A jackal skeleton (D:6)
  8 kobolds
  A quokka zombie (D:5)
  17 rats
  7 fungi
  5 plants (Lair:6)
763 creatures vanquished.

Vanquished Creatures (others)
  A deep elf master archer (Elf:3)
  A deep elf knight (Elf:2)
  2 deep elf archers (Elf:1)
  A deep elf mage (Elf:1)
  A cyclops (Orc:2)
  An orc (Orc:1)
  13 fungi
  17 plants
37 creatures vanquished.

Grand Total: 800 creatures vanquished

Notes
Turn   | Place    | Note
-------+----------+-------------------------------------------
     0 | D:1      | DarkinPup the Minotaur Fighter began the quest for the Orb.
     0 | D:1      | Reached XP level 1. HP: 19/19 MP: 0/0
    16 | D:1      | Reached XP level 2. HP: 27/27 MP: 1/1
   244 | D:1      | Reached XP level 3. HP: 33/33 MP: 2/2
   482 | D:2      | Found a hide-covered altar of Uskayaw.
   670 | D:2      | Reached XP level 4. HP: 40/40 MP: 3/3
   848 | D:2      | Reached skill level 1 in Dodging
  1127 | D:3      | Noticed an ogre
  1130 | D:3      | Killed an ogre
  1130 | D:3      | Reached XP level 5. HP: 20/47 MP: 4/4
  1401 | D:3      | Noticed Grinder
  1411 | D:3      | Paralysed by Grinder for 3 turns
  1416 | D:3      | Paralysed by Grinder for 3 turns
  1425 | D:3      | Killed Grinder
  1425 | D:3      | Reached skill level 5 in Fighting
  1425 | D:3      | Reached skill level 5 in Armour
  1425 | D:3      | Reached skill level 5 in Shields
  1425 | D:3      | Reached XP level 6. HP: 40/56 MP: 5/5
  1495 | D:3      | Noticed Sigmund
  1509 | D:3      | Killed Sigmund
  1509 | D:3      | Reached skill level 5 in Axes
  1509 | D:3      | Reached XP level 7. HP: 28/61 MP: 6/6
  2001 | D:4      | Found a staircase to the Ecumenical Temple.
  2126 | Temple   | Entered the Ecumenical Temple
  2136 | Temple   | Became a worshipper of Warmaster Okawaru
  2523 | D:4      | Found a glowing silver altar of Zin.
  2524 | D:4      | Found an opulent altar of Gozag.
  2798 | D:5      | Entered Level 5 of the Dungeon
  3310 | D:5      | Found a shattered altar of Ashenzari.
  3342 | D:5      | Found a shimmering blue altar of Sif Muna.
  3356 | D:5      | Reached XP level 8. HP: 55/70 MP: 7/7
  3377 | D:5      | Reached * piety under Okawaru
  4009 | D:6      | Reached ** piety under Okawaru
  4172 | D:6      | Found a blossoming altar of Fedhas.
  4298 | D:6      | Got a crude ring mail
  4400 | D:6      | Noticed Blork the orc
  4404 | D:6      | Reached XP level 9. HP: 79/79 MP: 8/8
  4405 | D:6      | Killed Blork the orc
  4455 | D:6      | Identified the +3 ring mail of the Distant Future {rN+
                  | Str+4} (You found it on level 6 of the Dungeon)
  4763 | D:7      | Reached *** piety under Okawaru
  5185 | D:8      | Noticed Erica
  5206 | D:8      | Killed Erica
  5206 | D:8      | Reached **** piety under Okawaru
  5548 | D:8      | Noticed Harold
  5551 | D:8      | Reached skill level 5 in Dodging
  5563 | D:8      | Killed Harold
  5563 | D:8      | Reached XP level 10. HP: 67/91 MP: 9/9
  6347 | D:9      | Found a radiant altar of Vehumet.
  6485 | D:9      | Reached ***** piety under Okawaru
  6630 | D:10     | Entered Level 10 of the Dungeon
  6665 | D:10     | Found a stormy altar of Qazlal.
  6701 | D:10     | Noticed Psyche
  6709 | D:10     | Killed Psyche
  6732 | D:10     | Noticed a two-headed ogre
  6735 | D:10     | Noticed a centaur warrior
  6736 | D:10     | Noticed an orb spider
  6737 | D:10     | Noticed a cyclops
  6739 | D:10     | Gained mutation: You are partially covered in icy blue
                  | scales. (AC +2) [potion of mutation]
  6739 | D:10     | Gained mutation: Your spells are a little harder to cast,
                  | but a little more powerful. [potion of mutation]
  6995 | D:11     | Reached skill level 10 in Armour
  6997 | D:11     | Reached skill level 10 in Fighting
  7005 | D:11     | Reached skill level 10 in Shields
  7218 | D:11     | Reached skill level 1 in Invocations
  7219 | D:11     | Found a staircase to the Orcish Mines.
  7226 | D:11     | Noticed a gargoyle
  7250 | D:11     | Killed a gargoyle
  7300 | D:11     | Noticed a two-headed ogre
  7301 | D:11     | Noticed a two-headed ogre
  7321 | D:11     | Reached XP level 11. HP: 68/100 MP: 10/10
  7322 | D:11     | Noticed a two-headed ogre
  7330 | D:11     | Noticed a green ugly thing
  7387 | D:11     | Received a gift from Okawaru
  7465 | D:11     | Killed a two-headed ogre
  7465 | D:11     | Reached skill level 10 in Axes
  7570 | D:11     | Killed a two-headed ogre
  7739 | D:11     | Killed a two-headed ogre
  7958 | D:11     | Reached ****** piety under Okawaru
  7958 | D:11     | Received a gift from Okawaru
  8105 | D:11     | Killed a green ugly thing
  8277 | D:10     | Found a staircase to the Lair.
  8324 | D:10     | Noticed a two-headed ogre
  8331 | D:10     | Killed a two-headed ogre
  8331 | D:10     | Reached XP level 12. HP: 90/110 MP: 12/14
  8426 | D:10     | Identified the ring "Yheen" {EV+3 SInv}
  8426 | D:10     | Noticed an ogre mage
  8433 | D:10     | Killed an ogre mage
  8454 | D:10     | Found the ring of the Mage {Wiz MR++ Int+3}
  8558 | D:10     | Killed a centaur warrior
  8558 | D:10     | Reached skill level 1 in Evocations
  8660 | D:10     | Identified the amulet "Gizusal" {Gourm rF+ MR- Str+3
                  | Stlth+}
  8725 | D:10     | Got a sparkling copper ring
  8734 | D:10     | Got a flickering ruby amulet
  8759 | D:10     | Reached skill level 5 in Invocations
  8870 | Lair:1   | Entered Level 1 of the Lair of Beasts
  8899 | Lair:1   | Received a gift from Okawaru
  8917 | Lair:1   | Found a basalt altar of Yredelemnul.
  9118 | Lair:1   | Noticed Gastronok
  9133 | Lair:1   | Killed Gastronok
  9133 | Lair:1   | Received a gift from Okawaru
  9151 | Lair:1   | Identified a +0 pair of boots of running (Okawaru gifted it
                  | to you on level 1 of the Lair of Beasts)
  9155 | Lair:1   | Identified the ring "Muxkos" {rPois rC+ Slay+3} (You found
                  | it on level 10 of the Dungeon)
  9512 | Lair:2   | Found a runed translucent gate.
  9515 | Lair:2   | Noticed Ekaitz's ghost (journeyman TrMo)
  9516 | Lair:2   | Found a runed translucent gate.
  9539 | Lair:2   | Found a runed translucent gate.
  9542 | Lair:2   | Noticed a five-headed hydra
  9633 | Lair:2   | Found a staircase to the Snake Pit.
  9771 | Lair:2   | Reached XP level 13. HP: 111/118 MP: 16/16
 10412 | Lair:2   | Killed Ekaitz's ghost
 10739 | Lair:3   | Found a staircase to the Shoals.
 11429 | Lair:3   | Received a gift from Okawaru
 12262 | Lair:4   | Received a gift from Okawaru
 12263 | Lair:4   | Got a brightly glowing hand axe {god gift}
 12277 | Lair:4   | Identified the +0 hand axe "Nijoopt" {chop, MR+ Str+3}
                  | (Okawaru gifted it to you on level 4 of the Lair of Beasts)
 12302 | Lair:4   | Reached skill level 5 in Evocations
 12307 | Lair:4   | Noticed a dire elephant
 12316 | Lair:4   | Killed a dire elephant
 12327 | Lair:4   | Reached XP level 14. HP: 106/127 MP: 18/18
 12837 | Lair:5   | Found a staircase to the Slime Pits.
 12966 | Lair:5   | Reached skill level 10 in Dodging
 12988 | Lair:5   | Noticed Sonja
 13087 | Lair:5   | Killed Sonja
 13740 | Lair:6   | Entered Level 6 of the Lair of Beasts
 13784 | Lair:6   | Received a gift from Okawaru
 15005 | Lair:6   | Received a gift from Okawaru
 15006 | Lair:6   | Got a bloodstained broad axe {god gift}
 15032 | Lair:6   | Identified the +1 broad axe of Okawaru's Pride {drain, rF+
                  | Int+2 Dex+4} (Okawaru gifted it to you on level 6 of the
                  | Lair of Beasts)
 15135 | Lair:6   | Reached XP level 15. HP: 111/136 MP: 20/20
 16019 | Orc:1    | Entered Level 1 of the Orcish Mines
 16056 | Orc:1    | Found a bloodstained altar of Trog.
 16385 | Orc:2    | Entered Level 2 of the Orcish Mines
 16414 | Orc:2    | Found Umibas's Antique Weapon Boutique.
 16427 | Orc:2    | Received a gift from Okawaru
 16428 | Orc:2    | Got a scorched executioner's axe {god gift}
 16434 | Orc:2    | Identified the +3 executioner's axe of Okawaru's Whim
                  | {pain, -Tele +Rage rElec Int+3} (Okawaru gifted it to you
                  | on level 2 of the Orcish Mines)
 16465 | Orc:2    | Found Diemest's Antique Armour Emporium.
 16528 | Orc:2    | Found a staircase to the Elven Halls.
 16550 | Orc:2    | Found Wyteucubb's General Store.
 16651 | Orc:2    | Found Duelun's Jewellery Shoppe.
 16878 | Orc:2    | Found a bloodstained altar of Trog.
 17179 | Orc:1    | You fall into a shaft and drop 1 floor!
 17462 | Elf:1    | Entered Level 1 of the Elven Halls
 17607 | Elf:1    | Identified the Incunabulum of Battle Magic
 18344 | Elf:1    | Received a gift from Okawaru
 18961 | Elf:1    | Reached XP level 16. HP: 38/147 MP: 22/22
 19352 | Elf:2    | Noticed Nikola
 19393 | Elf:1    | Received a gift from Okawaru
 19394 | Elf:1    | Got an encrusted broad axe {god gift}
 19398 | Elf:1    | Identified the +5 broad axe "Astef" {speed, rF++ rC- MR+
                  | Stlth+} (Okawaru gifted it to you on level 1 of the Elven
                  | Halls)
 19721 | Elf:1    | Killed Nikola
 20313 | Elf:2    | Reached skill level 10 in Invocations
 20322 | Elf:2    | Found a runed translucent gate.
 20322 | Elf:2    | Found a runed translucent gate.
 20322 | Elf:2    | Found a runed translucent gate.
 20394 | Elf:2    | Noticed a deep elf blademaster
 20415 | Elf:2    | Killed a deep elf blademaster
 21074 | Elf:2    | Received a gift from Okawaru
 21103 | Elf:2    | Reached skill level 15 in Armour
 21598 | Elf:2    | Reached skill level 15 in Fighting
 21601 | Elf:2    | Reached skill level 15 in Shields
 21620 | Elf:2    | Found a shimmering blue altar of Sif Muna.
 21733 | Elf:3    | Entered Level 3 of the Elven Halls
 21756 | Elf:3    | Reached skill level 15 in Axes
 22026 | Elf:3    | Found a runed translucent door.
 22026 | Elf:3    | Noticed meepyknight's ghost (veteran GrFi)
 22060 | Elf:3    | Killed meepyknight's ghost
 22060 | Elf:3    | Received a gift from Okawaru
 22090 | Elf:3    | Got a fine buckler
 22109 | Elf:3    | Identified the +1 buckler of Tender Moments {*Drain rPois
                  | Str+3 Dex+4} (You found it on level 3 of the Elven Halls)
 22584 | Elf:3    | Noticed a deep elf blademaster
 22585 | Elf:3    | Noticed a deep elf master archer
 22585 | Elf:3    | Noticed a deep elf master archer
 22595 | Elf:3    | Killed a deep elf blademaster
 22602 | Elf:3    | Killed a deep elf master archer
 22623 | Elf:3    | Reached XP level 17. HP: 131/156 MP: 23/23
 22640 | Elf:3    | Killed a deep elf master archer
 22642 | Elf:3    | Noticed a deep elf master archer
 22665 | Elf:3    | Noticed a deep elf blademaster
 22676 | Elf:3    | HP: 2/156 [deep elf blademaster/+0 rapier (8)]
 22681 | Elf:3    | Noticed a deep elf master archer
 22681 | Elf:3    | Noticed a deep elf blademaster
 22681 | Elf:3    | HP: 1/156 [deep elf high priest/a malign offering (3)]
 22681 | Elf:3    | Slain by a deep elf blademaster

Levels and vault maps discovered:
D:1:      erik_arrival_orb_chamber, layout_rooms
D:2:      layout_loops_ring, eat_drink_and_be_merry_uskayaw
D:3:      layout_loops_ring, first_ration, uniq_sigmund, uniq_grinder
D:4:      layout_loops_corners, grunt_temple_overflow_gold_and_silver,
          temple_green
D:5:      layout_cave_pods, ashenzari_altar_1, minmay_ruined_shrine
D:6:      layout_cave_pods, fedhas_altar_fruit_tree, uniq_blork_the_orc
D:7:      layout_rooms
D:8:      layout_loops_corners, uniq_erica, uniq_harold
D:9:      layout_gridville, vehumet_statue, grunt_pizzeria,
          minmay_fractal_squares_gapless_5
D:10:     minmay_the_grid_triangle_9x9_recursive_2
          [minmay_the_grid_triangle_9x9_prize_special,
          minmay_the_grid_triangle_9x9_skeleton,
          minmay_the_grid_triangle_9x9_stretched_checkered,
          minmay_the_grid_triangle_9x9_zippers_vertical], layout_irregular_city,
          david_lair_generic, basic_altar, uniq_psyche
D:11:     cheibrodos_statue_roulette, layout_irregular_city, hiddenorc2_lemuel
Temple:   eino_temple_rhombus
Lair:1:   wad_woods_stonehenge, layout_cave_shapes, uniq_gastronok
Lair:2:   beast_lair_carwin_large_2, layout_cave_pods,
          guppyfry_snake_entry_island, gammafunk_ghost_split
Lair:3:   layout_concentric_octagons, elwin_shoals_entry_rocks,
          patterned_corridor
Lair:4:   mu_elephants_graveyard, layout_misc_corridors, beast_lair_carwin_11
Lair:5:   layout_regular_city, minmay_slime_entry_oklob_enclosed, st_stairs_7,
          grunt_megastairs_4, uniq_sonja
Lair:6:   hangedman_lair_tendril_chambers, layout_hall_layers,
          hangedman_lair_caniforms_friends, minmay_lair_drake_nest
Orc:1:    layout_diamond_mine, basic_altar
Orc:2:    grunt_orc_gardens, layout_caves, grunt_orc_garden, grunt_orc_garden,
          grunt_orc_garden, grunt_orc_garden, bloody_trog
Elf:1:    minmay_elf_arrival_plus, layout_geoelf_grid, minmay_elf_annihilation,
          grunt_megastairs_1
Elf:2:    layout_geoelf_diagonals, basic_altar, minivault_4, uniq_nikola
Elf:3:    minmay_elf_hall, layout_onion_city, ebering_ghost_reflecting_pool

Skill      XL: |  1  2  3  4  5  6  7  8  9 10 11 12 13 14 15 16 17 |
---------------+----------------------------------------------------+-----
Shields        | 4 5 6 7 9 10 11 12 13 14 15 | 15.4
Fighting       | 4 5 6 7 9 10 11 12 13 14 15 | 15.4
Axes           | 3 4 5 7 8 9 10 11 12 13 14 15 | 15.4
Armour         | 4 5 6 7 9 10 11 12 13 14 15 | 15.5
Dodging        | 1 2 3 4 5 6 7 8 9 10 11 12 13 | 13.0
Invocations    | 1 4 6 7 8 9 10 | 10.3
Evocations     | 3 5 6 7 8 |  8.0

Action                   |  1- 3 |  4- 6 |  7- 9 | 10-12 | 13-15 | 16-18 || total
-------------------------+-------+-------+-------+-------+-------+-------++-------
Melee: War axe           |    96 |    64 |   237 |   405 |       |       ||   802
       Headbutt          |    14 |    13 |    47 |   141 |   277 |    94 ||   586
       Broad axe         |       |       |       |    97 |   841 |   281 ||  1219
       Hand axe          |       |       |       |       |       |    52 ||    52
  Use: Potion            |       |     1 |     2 |     1 |       |     4 ||     8
       Scroll            |       |       |     4 |    15 |     9 |     8 ||    36
 Stab: Distracted        |       |       |       |       |       |     1 ||     1
  Eat: Chunk             |       |     2 |     8 |    13 |    14 |     8 ||    45
       Ration            |       |       |     2 |       |     4 |     1 ||     7
Armor: Scale mail        |    72 |    37 |    53 |       |       |       ||   162
       Ring mail         |       |       |    25 |   142 |   186 |    35 ||   388
Dodge: Dodged            |    43 |    16 |    73 |   208 |   452 |    98 ||   890
Block: Shield            |    59 |    39 |   134 |   320 |   770 |   144 ||  1466
       Reflection        |       |       |       |     1 |    37 |    21 ||    59
       Buckler           |       |       |       |       |       |    22 ||    22
